 Dungeon Sprint DCSS version 0.30.1-11-g7821555f0a (webtiles) character file.

Game seed: 2466026760027394969

68897 Heoruswealwe the Minotaur Porcupine (level 14, -1/160 HPs)
             Began as a Minotaur Fighter on Jan 4, 2024.
             Was an Initiate of Gozag.
             Slain by a vault warden
             ... wielding a +0 battleaxe
              (30 damage)
             ... in the Dungeon (Sprint IX: "|||||||||||||||||||||||||||||").
             The game lasted 00:41:00 (5521 turns).

Heoruswealwe the Minotaur Porcupine (MiFi)          Turns: 5521, Time: 00:41:00

Health: -1/160     AC: 16    Str: 25    XL:     14   Next: 88%
Magic:  0/13       EV: 12    Int:  5    God:    Gozag
Gold:   4851       SH: 19    Dex: 11    Spells: 13/13 levels left

rFire   + . .        a - +8 trishula "Condemnation" {holy, anguish, *Noise Fly rN+}
rCold   + . .        d - +1 tower shield
rNeg    + . .        c - +6 plate armour of the Equinox {rPois rF+ rCorr}
rPois   +            (helmet restricted)
rElec   .            h - +0 cloak
rCorr   +            f - +1 pair of gloves {infuse}
SInv    .            e - +0 pair of boots
Will    +....        (no amulet) Stlth
                     k - +2 ring of protection
HPRegen 0.46/turn    j - ring of protection from cold
MPRegen 0.13/turn

%: no teleportation
@: mighty, marked, corroded, gold aura, flying
A: horns 2, retaliatory headbutt
a: Renounce Religion, Potion Petition, Call Merchant, Bribe Branch


You were in the Dungeon.
You worshipped Gozag.
Gozag was most pleased with you.
You visited 1 branch You collected 16254 gold pieces.
You spent 4983 gold pieces at shops.
You paid 6420 gold pieces to Gozag.

Inventory:

Hand Weapons
 a - the +8 trishula "Condemnation" (weapon) {holy, anguish, *Noise Fly rN+}
   (You bought it in a shop in the Dungeon)

   rN:        It protects you from negative energy.
   Fly:       It grants you flight.
   *Noise:    It may make noises in combat.
 b - the +13 scythe of Curses {drain, curses, Drain}
   (You found it in the Dungeon)

   Drain:     It drains your maximum health when unequipped.
 l - the +8 mithril axe "Arga" {speed, Will+}
   (You bought it in a shop in the Dungeon)

   Will:      It increases your willpower.
 m - the +8 Vampire's Tooth {megavamp}
   (You bought it in a shop in the Dungeon)
 n - a +0 bardiche
Armour
 c - the +6 plate armour of the Equinox (worn) {rPois rF+ rCorr}
   (You bought it in a shop in the Dungeon)

   rF:        It protects you from fire.
   rPois:     It protects you from poison.
   rCorr:     It protects you from acid and corrosion.
 d - a +1 tower shield (worn)
 e - a +0 pair of boots (worn)
 f - a +1 pair of gloves of infusion (worn)
 h - a +0 cloak (worn)
Jewellery
 j - a ring of protection from cold (right hand)
 k - a +2 ring of protection (left hand)
Wands
 t - a wand of charming (8)
 w - a wand of quicksilver (10)
Scrolls
 o - a scroll of identify
 q - 6 scrolls of enchant weapon
 v - 2 scrolls of blinking
Potions
 g - 2 potions of haste
 s - 9 potions of curing
 u - a potion of mutation
 x - a potion of might
Miscellaneous
 p - a box of beasts


   Skills:
 + Level 24.5 Fighting
 O Level 27 Polearms
 + Level 24.6 Armour
 + Level 14.3 Dodging
 + Level 15.9 Shields
 + Level 12.1 Evocations


You had 13 spell levels left.
You didn't know any spells.
Your spell library was empty.

Dungeon Overview and Level Annotations

Branches:
Dungeon (1/1)

Altars:
Cheibriados
Dithmenos
Elyvilon
Fedhas
Gozag
Hepliaklqana
Kikubaaqudgha
Makhleb
Nemelex Xobeh
Okawaru
Qazlal
Ru
Sif Muna
Trog
Uskayaw
Vehumet
Wu Jian
Xom
Yredelemnul
Zin
The Shining One
Jiyva
Lugonu

Shops:
D ([((([!:[(


Innate Abilities, Weirdness & Mutations

You have a pair of horns on your head.
You reflexively headbutt those who attack you in melee.


Message History

The vault warden is moderately wounded.
You impale the vault warden!! You headbutt the vault warden.
The vault warden is heavily wounded.
The white very ugly thing is no longer distracted by gold.
The vault sentinel blows a loud note on a signal horn!
The vault warden activates a sealing rune.
The white very ugly thing is distracted by your dazzling golden aura.
You barely miss the vault warden.
The trishula "Condemnation" cries for demons to come forth and be judged!
Your headbutt misses the vault warden.
The vault warden is heavily wounded.
The ironbound preserver gestures wildly while chanting.
The ironbound preserver begins to accept its allies' injuries.
The vault warden barely misses you. You furiously retaliate!
You headbutt the vault warden, but do no damage.
You hit the vault warden.
You headbutt the vault warden, but do no damage.
The vault warden is severely wounded.
The vault warden hits you with a +0 battleaxe!
* * * LOW HITPOINT WARNING * * *
The vault warden is wracked by anguish!
You barely miss the vault warden.
The vault warden is severely wounded.
You impale the vault warden!!
The vault warden is almost dead.
The vault sentinel is distracted by your dazzling golden aura.
The vault warden activates a sealing rune.
The vault sentinel shouts!
You hit the vault warden.
The vault warden is almost dead.
The white very ugly thing is no longer distracted by gold.
The vault warden completely misses you.
You barely miss the vault warden. Your headbutt misses the vault warden.
The vault warden is almost dead.
You hit the vault warden but do no damage.
You headbutt the vault warden!
The vault warden is almost dead.
The vault warden hits you with a +0 battleaxe!!
You die...
Your body crumbles into a pile of gold.

▓.♣'♣.▓.▓.▓.▓.▓.
▓p▓.▓)▓.▓.▓.▓.▓.▓.
▓.▓.▓.▓.▓)▓.▓.▓.▓.
▓.▓.▓.▓.▓)▓.▓.▓.▓.
▓u▓.▓.▓.▓.▓.▓[▓.▓'
▓.▓.▓.▓.▓.▓.▓[▓.▓.
▓p▓.▓.▓.▓.▓.▓.▓.▓.
$
▓p▓.▓)▓.▓.▓.▓.▓.▓.
▓@▓.▓)▓.▓.▓.▓.▓.▓.
▓+▓.▓)▓.▓.▓.▓.▓.▓.
▓$▓.▓'▓.▓.▓.▓.▓.▓.
▓.▓.▓.▓.▓!▓.▓.▓.▓.
▓$▓.▓.▓.▓?▓.▓.▓.▓.
▓.▓.▓.▓.▓.▓.▓.▓.▓.
▓.▓.▓.▓.▓[▓.▓.▓.▓'
▓.▓.▓.▓.▓[▓.▓.▓.▓.
▓.▓.▓.▓.▓[▓.▓.▓.▓.


You could see an ironbound preserver, a white very ugly thing (sheltered), a
vault warden (sheltered, anguished) and a vault sentinel (sheltered).

Vanquished Creatures
  Geryon (D)
  Saint Roka (D)
  2 tengu reavers (D)
  A nagaraja (D)
  A fire giant (D)
  A frost giant (D)
  2 vault wardens (D)
  An emperor scorpion (D)
  A spriggan defender (D)
  2 stone giants (D)
  Nessos (D)
  4 very ugly things (D)
  A bunyip (D)
  A merfolk impaler (D)
  2 ettins (D)
  A yaktaur captain (D)
  Josephine (D)
  3 fire dragons (D)
  2 entropy weavers (D)
  A rakshasa (D)
  2 hydras (D)
  A vault guard (D)
  A catoblepas (D)
  3 centaur warriors (D)
  An ironbound frostheart (D)
  A satyr (D)
  A boulder beetle (D)
  2 anacondas (D)
  An alligator (D)
  A tengu warrior (D)
  8 orc high priests (D)
  4 deep troll shamans (D)
  A naga warrior (D)
  Nergalle (D)
  A spriggan (D)
  A skyshark (shapeshifter) (D)
  A sun moth (D)
  A sea snake (D)
  A fire crab (shapeshifter) (D)
  A swamp dragon (D)
  3 spriggan druids (D)
  2 ironbound convokers (D)
  2 wolf spiders (D)
  9 orc knights (D)
  A necromancer (D)
  A cyclops (D)
  A will-o-the-wisp (D)
  An elephant (D)
  2 black mambas (D)
  A naga mage (D)
  A vault sentinel (D)
  3 cane toads (D)
  A merfolk siren (D)
  A demonic crawler (D)
  Psyche (D)
  A rime drake (D)
  A yaktaur (shapeshifter) (D)
  A komodo dragon (D)
  2 merfolk (D)
  3 polar bears (D)
  2 hornets (D)
  A troll (D)
  2 blink frogs (D)
  2 tarantellas (D)
  A slime creature (D)
  A jumping spider (D)
  3 yaks (D)
  A shadow (D)
  5 wraiths (D)
  2 nagas (D)
  3 water moccasins (D)
  5 black bears (D)
  14 orc warriors (D)
  An ogre (D)
  2 wolves (D)
  A gnoll sergeant (D)
  2 bullfrogs (D)
  4 howler monkeys (D)
  A quasit (D)
  3 orc priests (D)
  A jelly (D)
  3 iguanas (D)
  6 orc wizards (D)
  A gnoll (D)
  An adder (D)
  5 orcs (D)
  2 bats (D)
  An endoplasm (D)
  A kobold (D)
179 creatures vanquished.

Vanquished Creatures (others)
  A nagaraja (D)
  A stone giant (D)
  A spark wasp (D)
  Snorg (D)
  A merfolk javelineer (D)
  2 fire dragons (D)
  A wolf spider (D)
  A bloated husk (D)
  An orc wizard (D)
  4 foxfires (D)
14 creatures vanquished.

Grand Total: 193 creatures vanquished

Notes
Turn   | Place    | Note
-------+----------+-------------------------------------------
     0 | D        | Heoruswealwe the Minotaur Fighter began the quest for the
                  | Orb.
     0 | D        | Reached XP level 1. HP: 19/19 MP: 0/0
     6 | D        | Reached skill level 3 in Polearms
    10 | D        | Reached skill level 4 in Polearms
    10 | D        | Reached XP level 2. HP: 23/28 MP: 1/1
    34 | D        | Reached skill level 5 in Fighting
    34 | D        | Reached skill level 6 in Polearms
    34 | D        | Reached skill level 5 in Armour
    34 | D        | Reached XP level 3. HP: 35/36 MP: 2/2
    40 | D        | Reached skill level 7 in Polearms
    40 | D        | Reached XP level 4. HP: 32/44 MP: 3/3
    50 | D        | Reached skill level 8 in Polearms
    60 | D        | Found a snail-covered altar of Cheibriados.
    60 | D        | Found a shadowy altar of Dithmenos.
    60 | D        | Found a white marble altar of Elyvilon.
    60 | D        | Found a blossoming altar of Fedhas.
    60 | D        | Found an opulent altar of Gozag.
    61 | D        | Found a hazy altar of Hepliaklqana.
    62 | D        | Found a viscous altar of Jiyva.
    63 | D        | Found an ancient bone altar of Kikubaaqudgha.
    64 | D        | Found a corrupted altar of Lugonu.
    65 | D        | Found a burning altar of Makhleb.
    66 | D        | Found a sparkling altar of Nemelex Xobeh.
    67 | D        | Found an iron altar of Okawaru.
    68 | D        | Became a worshipper of Gozag Ym Sagoz the Greedy
    69 | D        | Found a stormy altar of Qazlal.
    70 | D        | Found a sacrificial altar of Ru.
    71 | D        | Found a shimmering blue altar of Sif Muna.
    72 | D        | Found a bloodstained altar of Trog.
    73 | D        | Found a hide-covered altar of Uskayaw.
    74 | D        | Found a radiant altar of Vehumet.
    75 | D        | Found an ornate altar of the Wu Jian Council.
    76 | D        | Found a shimmering altar of Xom.
    77 | D        | Found a basalt altar of Yredelemnul.
    78 | D        | Found a glowing silver altar of Zin.
    79 | D        | Found a glowing golden altar of the Shining One.
    87 | D        | Found the +13 scythe of Curses {drain, curses, Drain}
   169 | D        | Noticed a gnoll sergeant
   169 | D        | Noticed a yak
   169 | D        | Noticed an orc warrior
   169 | D        | Noticed a shadow
   170 | D        | Killed a shadow
   171 | D        | Reached skill level 10 in Polearms
   171 | D        | Reached XP level 5. HP: 49/56 MP: 4/4
   171 | D        | Reached XP level 6. HP: 54/62 MP: 5/5
   175 | D        | Killed an orc warrior
   176 | D        | Reached skill level 11 in Polearms
   177 | D        | Reached skill level 12 in Polearms
   178 | D        | Killed a yak
   179 | D        | Reached skill level 13 in Polearms
   179 | D        | Reached XP level 7. HP: 48/71 MP: 6/6
   182 | D        | Reached skill level 10 in Fighting
   182 | D        | Reached skill level 10 in Armour
   250 | D        | Noticed a skyshark
   250 | D        | Noticed a troll
   250 | D        | Noticed a catoblepas
   264 | D        | Killed a catoblepas
   265 | D        | Reached skill level 15 in Polearms
   265 | D        | Reached XP level 8. HP: 39/82 MP: 7/7
   266 | D        | Killed a troll
   269 | D        | Killed a skyshark
   270 | D        | Reached skill level 16 in Polearms
   270 | D        | Reached XP level 9. HP: 36/92 MP: 8/8
   271 | D        | Reached skill level 17 in Polearms
   561 | D        | Noticed a cane toad
   561 | D        | Noticed a rime drake
   564 | D        | Killed a rime drake
   569 | D        | Reached skill level 18 in Polearms
   569 | D        | Killed a cane toad
   604 | D        | Noticed an elephant
   604 | D        | Noticed a six-headed hydra
   604 | D        | Noticed a cane toad
   608 | D        | Reached skill level 19 in Polearms
   609 | D        | Killed a cane toad
   609 | D        | Noticed a komodo dragon
   610 | D        | Reached XP level 10. HP: 104/104 MP: 9/9
   615 | D        | Noticed a cane toad
   615 | D        | Killed a nine-headed hydra
   628 | D        | Reached skill level 20 in Polearms
   630 | D        | Killed an elephant
   631 | D        | Reached skill level 15 in Fighting
   631 | D        | Reached skill level 15 in Armour
   635 | D        | Killed a cane toad
   862 | D        | Reached skill level 21 in Polearms
  1188 | D        | Noticed an orc knight
  1201 | D        | Killed an orc knight
  1202 | D        | Reached skill level 22 in Polearms
  1202 | D        | Reached XP level 11. HP: 70/115 MP: 10/10
  1202 | D        | Noticed an orc knight
  1219 | D        | Killed an orc knight
  1226 | D        | Noticed an orc knight
  1243 | D        | Killed an orc knight
  1459 | D        | Found Rytsott's Weapon Boutique.
  1459 | D        | Noticed an orc knight
  1459 | D        | Noticed an orc high priest
  1459 | D        | Noticed an orc high priest
  1459 | D        | Noticed an orc knight
  1459 | D        | Noticed an orc knight
  1460 | D        | Noticed an orc high priest
  1465 | D        | Noticed an orc knight
  1468 | D        | Killed an orc knight
  1470 | D        | Killed an orc knight
  1471 | D        | Reached skill level 23 in Polearms
  1472 | D        | Noticed a soul eater
  1473 | D        | Killed an orc high priest
  1475 | D        | Noticed an orc high priest
  1476 | D        | Noticed a sixfirhy
  1476 | D        | Noticed a sun demon
  1478 | D        | Killed an orc high priest
  1479 | D        | Noticed an orc high priest
  1482 | D        | Killed an orc knight
  1493 | D        | Noticed a sixfirhy
  1493 | D        | Killed an orc high priest
  1497 | D        | Noticed a soul eater
  1501 | D        | Killed an orc knight
  1507 | D        | Killed an orc high priest
  1508 | D        | Reached skill level 24 in Polearms
  1512 | D        | Killed an orc high priest
  1752 | D        | Found Gadill's Armour Shop.
  1756 | D        | Found Yjurestin's Book Boutique.
  1760 | D        | Found Kiuterai's Distillery.
  1763 | D        | Noticed an orc high priest
  1782 | D        | Noticed a sun demon
  1787 | D        | Killed an orc high priest
  1992 | D        | Noticed an orc knight
  1993 | D        | Noticed an orc high priest
  1994 | D        | Noticed an orc high priest
  2009 | D        | Killed an orc knight
  2016 | D        | Noticed a sun demon
  2029 | D        | Killed an orc high priest
  2030 | D        | Reached XP level 12. HP: 72/128 MP: 11/11
  2040 | D        | Killed an orc high priest
  2041 | D        | Reached skill level 25 in Polearms
  2098 | D        | Bought the +8 mithril axe "Arga" {speed, Will+} for 646
                  | gold pieces
  2098 | D        | Found the +8 mithril axe "Arga" {speed, Will+}
  2104 | D        | Bought a potion of degeneration for 10 gold pieces
  2104 | D        | Bought a potion of heal wounds for 50 gold pieces
  2104 | D        | Bought a potion of curing for 30 gold pieces
  2104 | D        | Bought a potion of curing for 30 gold pieces
  2104 | D        | Bought a potion of might for 40 gold pieces
  2104 | D        | Bought a potion of mutation for 80 gold pieces
  2104 | D        | Bought a potion of attraction for 30 gold pieces
  2131 | D        | Bought a +1 pair of gloves of infusion for 181 gold pieces
  2139 | D        | Bought the +8 trishula "Condemnation" {holy, anguish,
                  | *Noise Fly rN+} for 1458 gold pieces
  2139 | D        | Found the +8 trishula "Condemnation" {holy, anguish, *Noise
                  | Fly rN+}
  2142 | D        | Bought the +8 Vampire's Tooth {megavamp} for 1200 gold
                  | pieces
  2142 | D        | Found the +8 Vampire's Tooth {megavamp}
  2856 | D        | Noticed Josephine
  2866 | D        | Killed Josephine
  2992 | D        | Noticed Psyche
  2994 | D        | Paralysed by Psyche for 4 turns
  3005 | D        | Killed Psyche
  3168 | D        | Noticed a centaur warrior
  3168 | D        | Noticed a boulder beetle
  3172 | D        | Noticed a centaur warrior
  3173 | D        | Killed a boulder beetle
  3176 | D        | Noticed a stone giant
  3183 | D        | Killed a centaur warrior
  3184 | D        | Reached skill level 26 in Polearms
  3190 | D        | Noticed a centaur warrior
  3195 | D        | Noticed a spark wasp
  3197 | D        | Noticed a tengu warrior
  3200 | D        | Noticed a stone giant
  3201 | D        | Killed a stone giant
  3204 | D        | Killed a centaur warrior
  3213 | D        | Killed a centaur warrior
  3216 | D        | Killed a spark wasp
  3217 | D        | Noticed a deep troll shaman
  3220 | D        | Killed a stone giant
  3221 | D        | Reached skill level 27 in Polearms
  3227 | D        | Killed a tengu warrior
  3228 | D        | Reached skill level 1 in Dodging
  3228 | D        | Reached skill level 1 in Evocations
  3232 | D        | Killed a deep troll shaman
  3239 | D        | Noticed a fire dragon
  3251 | D        | Killed a fire dragon
  3252 | D        | Reached skill level 5 in Shields
  3278 | D        | Noticed a stone giant
  3291 | D        | Killed a stone giant
  3588 | D        | Bought the +6 plate armour of the Equinox {rPois rF+ rCorr}
                  | for 1228 gold pieces
  3605 | D        | Noticed Snorg
  3612 | D        | Killed Snorg
  3613 | D        | Reached XP level 13. HP: 120/141 MP: 7/12
  3622 | D        | Noticed Nessos
  3633 | D        | Killed Nessos
  3902 | D        | Noticed an emperor scorpion
  3915 | D        | Killed an emperor scorpion
  3916 | D        | Reached skill level 5 in Dodging
  3932 | D        | Reached skill level 5 in Evocations
  4099 | D        | Noticed a nagaraja
  4130 | D        | Killed a nagaraja
  4253 | D        | Noticed a merfolk javelineer
  4253 | D        | Noticed a merfolk impaler
  4262 | D        | Killed a merfolk impaler
  4267 | D        | Killed a merfolk javelineer
  4292 | D        | Reached skill level 10 in Shields
  4476 | D        | Noticed a bunyip
  4486 | D        | Killed a bunyip
  4640 | D        | Reached skill level 10 in Dodging
  4714 | D        | Noticed Saint Roka
  4734 | D        | Killed Saint Roka
  4735 | D        | Reached XP level 14. HP: 83/155 MP: 1/13
  4904 | D        | Noticed Nergalle
  4919 | D        | Killed Nergalle
  4969 | D        | Noticed a fire giant
  4969 | D        | Noticed a spriggan defender
  4969 | D        | Noticed a brown very ugly thing
  4973 | D        | Noticed a cyan very ugly thing
  4983 | D        | Killed a brown very ugly thing
  4984 | D        | Noticed a tengu reaver
  4989 | D        | Killed a spriggan defender
  4991 | D        | Noticed a brown very ugly thing
  4996 | D        | Killed a fire giant
  5000 | D        | Killed a cyan very ugly thing
  5015 | D        | Killed a tengu reaver
  5020 | D        | Killed a brown very ugly thing
  5021 | D        | Reached skill level 10 in Evocations
  5071 | D        | Noticed a frost giant
  5081 | D        | Killed a frost giant
  5369 | D        | Noticed a vault warden
  5382 | D        | Killed a vault warden
  5389 | D        | Noticed Geryon
  5389 | D        | Noticed a tengu reaver
  5396 | D        | Killed a tengu reaver
  5417 | D        | Noticed a nagaraja
  5419 | D        | Reached skill level 15 in Shields
  5422 | D        | Killed a nagaraja
  5451 | D        | Noticed a green very ugly thing
  5474 | D        | Killed Geryon
  5477 | D        | Noticed a vault warden
  5478 | D        | Noticed a vault warden
  5484 | D        | Noticed an ironbound preserver
  5492 | D        | Killed a green very ugly thing
  5492 | D        | Noticed a white very ugly thing
  5509 | D        | Killed a vault warden
  5521 | D        | Slain by a vault warden

Illustrated notes

Levels and vault maps discovered:
D:        linesprint [early_d, line_temple, items_1, d_10, items_2, lair_1,
          lair_end, items_3, orc_1, orc_end, items_4, d_15, swamp_1, shoals_1,
          snake_1, spider_1, d_20, vaults_1, items_5, swamp_end, shoals_end,
          snake_end, spider_end, vaults_end, d_27, items_6, zot_1, zot_end,
          crypt_end, forest_end, elf_end, slime_end, tomb_end, abyss_end,
          pan_hell_end]

Skill      XL: |  1  2  3  4  5  6  7  8  9 10 11 12 13 14 |
---------------+-------------------------------------------+-----
Polearms       | 4 6 7 10 13 15 16 19 22 24 27 | 27.0
Fighting       | 4 5 8 9 11 12 14 16 18 20 22 24 | 24.5
Armour         | 4 5 8 9 11 12 14 16 18 20 22 24 | 24.6
Dodging        | 4 10 14 | 14.3
Shields        | 5 12 15 | 15.9
Evocations     | 3 8 12 | 12.1

Action                     |  1- 3 |  4- 6 |  7- 9 | 10-12 | 13-15 || total
---------------------------+-------+-------+-------+-------+-------++-------
  Melee: Trident           |    14 |    13 |       |       |       ||    27
         Headbutt          |     2 |     3 |     9 |    43 |   102 ||   159
         Scythe            |       |     7 |    41 |   171 |       ||   219
         Trishula          |       |       |       |    86 |   428 ||   514
 Invoke: Call Merchant     |       |       |       |     5 |     1 ||     6
    Use: Potion            |       |     1 |       |     4 |     9 ||    14
         Scroll            |       |       |       |       |     1 ||     1
   Stab: Distracted        |       |       |     1 |     2 |     4 ||     7
 Armour: Scale mail        |     2 |       |     2 |       |       ||     4
         Chain mail        |       |       |    17 |    33 |       ||    50
         Plate armour      |       |       |       |    47 |   134 ||   181
  Dodge: Dodged            |     5 |     9 |    11 |    43 |    82 ||   150
  Block: Buckler           |     2 |     1 |       |     1 |       ||     4
         Tower shield      |       |       |       |    19 |   226 ||   245
